 Dungeon Crawl Stone Soup version 0.20.1-1-g8b1a95d (webtiles) character file.

28112 nibbalover69 the Protected (level 13, -6/114 HPs)
             Began as a Minotaur Berserker on Sept 25, 2017.
             Was a High Priest of Trog.
             Mangled by a white ugly thing (12 damage)
             ... on level 13 of the Dungeon on Sept 28, 2017.
             The game lasted 01:25:16 (18502 turns).

nibbalover69 the Protected (Minotaur Berserker)    Turns: 18502, Time: 01:25:16

Health: -6/114     AC: 20    Str: 27    XL:     13   Next: 8%
Magic:  12/12      EV:  8    Int:  4    God:    Trog [*****.]
Gold:   975        SH: 19    Dex: 10    Spells: 12/12 levels left

rFire    . . .     SeeInvis .   I - +3 long sword
rCold    + . .     Gourm    .   J - +0 large shield
rNeg     . . .     Faith    .   b - +1 plate armour
rPois    .         Spirit   .   (helmet restricted)
rElec    .         Reflect  .   (no cloak)
rCorr    .         Harm     .   r - +2 pair of gloves
MR       ++...                  (no boots)
Stlth    ..........             q - amulet of regeneration
Regen    1.7/turn               l - ring of protection from cold
MPRegen  0.2/turn               D - +1 ring of evasion

@: berserk cooldown, regenerating, slowed, very slow
A: retaliatory headbutt, horns 2
a: Berserk, Trog's Hand, Brothers in Arms, Burn Spellbooks, Renounce Religion


You were on level 13 of the Dungeon.
You worshipped Trog.
Trog was extremely pleased with you.
You were not hungry.

You visited 1 branch of the dungeon, and saw 13 of its levels.

You collected 975 gold pieces.

Inventory:

Hand Weapons
 n - a +1 vampiric short sword
 I - a +3 long sword (weapon)
 X - a +0 great sword
Missiles
 f - 420 stones (quivered)
Armour
 b - a +1 plate armour (worn)
 r - a +2 pair of gloves (worn)
 J - a +0 large shield (worn)
Jewellery
 l - a ring of protection from cold (left hand)
 q - an amulet of regeneration (around neck)
 D - a +1 ring of evasion (right hand)
 T - an uncursed ring of magical power {unknown}
Wands
 d - a wand of paralysis (12/24)
 o - a wand of confusion (30/48)
 y - a wand of paralysis (9/24)
 F - a wand of flame (11/48)
 U - a wand of iceblast (7/15)
 V - a wand of disintegration (16/24)
Scrolls
 g - a scroll of fog
 h - 10 scrolls of teleportation
 j - 9 scrolls of identify
 k - a scroll of blinking
 m - 3 scrolls of enchant armour
 v - 4 scrolls of remove curse
 C - 2 scrolls of immolation
 E - a scroll of magic mapping {unknown}
 H - a scroll of amnesia {unknown}
 L - a scroll of noise {unknown}
 M - a scroll of fear {unknown}
 P - a scroll of random uselessness {unknown}
 R - a scroll of brand weapon
Potions
 a - a potion of berserk rage {unknown}
 e - 3 potions of might {unknown}
 i - a potion of invisibility
 p - a potion of cancellation {unknown}
 s - 3 potions of degeneration
 u - 2 potions of agility
 x - a potion of flight
 A - 2 potions of lignification
 G - a potion of haste {unknown}
 K - 2 potions of brilliance {unknown}
 N - 4 potions of curing
 O - a potion of ambrosia {unknown}
Books
 w - a book of Conjurations

   Spells                             Type                      Level
   a - Magic Dart                     Conjuration                  1
   b - Searing Ray                    Conjuration                  2
   c - Dazzling Spray                 Conjuration/Hexes            3
   d - Fulminant Prism                Conjuration/Hexes            4
   e - Force Lance                    Conjuration/Translocation    4
   f - Iskenderun's Mystic Blast      Conjuration                  4
   Trog disapproves of the use of such an item.
 z - a book of Frost

   Spells                             Type                      Level
   a - Freeze                         Ice                          1
   b - Throw Frost                    Conjuration/Ice              2
   c - Ozocubu's Armour               Charms/Ice                   3
   d - Throw Icicle                   Conjuration/Ice              4
   e - Summon Ice Beast               Ice/Summoning                4
   Trog disapproves of the use of such an item.
 Q - a book of Changes

   Spells                             Type                      Level
   a - Beastly Appendage              Transmutation                1
   b - Sticks to Snakes               Transmutation                2
   c - Spider Form                    Transmutation/Poison         3
   d - Ice Form                       Ice/Transmutation            4
   e - Blade Hands                    Transmutation                5
   Trog disapproves of the use of such an item.
 S - the Compendium of the Arsonist and Execration
   (You found it on level 10 of the Dungeon)

   Spells                             Type                      Level
   a - Ignite Poison                  Fire/Transmutation/Poison    3
   b - Fulminant Prism                Conjuration/Hexes            4
   c - Sticky Flame                   Conjuration/Fire             4
   Trog disapproves of the use of such an item.
Comestibles
 c - 4 bread rations
 t - 22 fruits
 B - 2 meat rations


   Skills:
 + Level 10.7 Fighting
 + Level 11.2(12.8) Short Blades
 + Level 11.4(13.4) Long Blades
 + Level 13.1 Armour
 + Level 5.3 Dodging
 + Level 1.5 Stealth
 + Level 11.4 Shields


You had 12 spell levels left.
You didn't know any spells.

Dungeon Overview and Level Annotations

Branches:
Dungeon (13/15)            Temple (0/1) D:4            Lair (0/6) D:9
    Orc (0/2) D:10
 Vaults: D:13-14

Altars:
Hepliaklqana
Ru
Sif Muna
Zin
The Shining One

Shops:
D:7 (


Innate Abilities, Weirdness & Mutations

You reflexively headbutt those who attack you in melee.
You have a pair of horns on your head.


Message History

You feel your anger subside.
You are no longer berserk.
You are exhausted.
You feel yourself slow down.
Found a ring mail.
You see here a vampire mosquito corpse.
You block the white ugly thing's attack.
You block the white ugly thing's attack. x2
The white ugly thing tail-slaps you but does no damage.
You closely miss the white ugly thing.
The white ugly thing tail-slaps you but does no damage.
You slash the white ugly thing!
The white ugly thing is lightly wounded.
The white ugly thing tail-slaps you.
* * * LOW HITPOINT WARNING * * *
The white ugly thing freezes you! You resist.
* * * LOW HITPOINT WARNING * * *
The white ugly thing tail-slaps you!
* * * LOW HITPOINT WARNING * * *
The white ugly thing freezes you! You resist.
You die...

###### ..... . .... ...
#..#
..[!.#############..#####
........@†.....<.........
#######.u..)........#
#..########...#
.....########...#####
......................
#######...............
.##########.### # #.# #.#


You could see a white ugly thing.

Vanquished Creatures
  Josephine (D:13)
  Erolcha (D:13)
  Erica (D:8)
  4 two-headed ogres
  Pikel (D:6)
  An unseen horror (D:13)
  An ugly thing (D:12)
  A manticore (D:12)
  3 cyclopes
  The ghost of harcile the Slasher, a novice BaFi of Vehumet (D:5)
  An efreet (D:13)
  A komodo dragon (D:13)
  2 kobold demonologists
  5 trolls
  A meliai zombie (D:10)
  5 hippogriffs
  4 slime creatures (D:12)
  A shadow (D:12)
  A wyvern (D:9)
  3 vampires
  4 wraiths
  16 yaks
  The ghost of malin the Cudgeler, an amateur MiCK of Xom (D:4)
  Eustachio (D:4)
  Edmund (D:6)
  8 vampire mosquitoes
  A soldier ant (D:12)
  Duvessa (D:6)
  3 slaves (D:6)
  A porcupine (D:9)
  3 ice beasts
  2 necrophages
  11 orc warriors
  A black bear (D:12)
  3 eyes of draining (D:12)
  6 sky beasts
  6 ogres
  21 centaurs
  2 crocodiles (D:9)
  2 big kobolds
  8 bullfrogs
  A gnoll sergeant (D:6)
  Dowan (D:6)
  A scorpion (D:9)
  21 killer bees
  4 wights (D:8)
  A howler monkey (D:4)
  A lava snake (D:12)
  6 crimson imps
  3 quasits
  8 hounds
  2 bullfrog skeletons
  2 centaur skeletons
  4 centaur zombies
  3 jellies
  13 orc wizards
  11 orc priests
  6 iguanas
  Ijyb (D:4)
  12 worker ants
  A hound zombie (D:10)
  2 hound skeletons
  A worker ant zombie (D:11)
  11 gnolls (D:6)
  11 adders
  3 shadow imps
  3 oozes
  2 adder skeletons
  2 worms
  4 dart slugs
  10 leopard geckos
  49 orcs
  4 giant cockroaches
  16 goblins
  4 hobgoblins
  14 jackals
  5 quokkas
  2 ball pythons
  10 bats
  8 frilled lizards
  A jackal skeleton (D:4)
  9 kobolds
  A leopard gecko skeleton (D:6)
  8 rats
  4 fungi (D:9)
427 creatures vanquished.

Vanquished Creatures (collateral kills)
  A two-headed ogre (D:10)
  A komodo dragon (D:12)
  3 kobold demonologists (D:12)
  A yak (D:12)
  A sky beast (D:10)
  A big kobold (D:12)
  3 killer bees (D:10)
  A jelly (D:10)
  A shadow imp (D:10)
  2 kobolds (D:12)
15 creatures vanquished.

Vanquished Creatures (others)
  A slave (D:6)
  A gnoll (D:6)
2 creatures vanquished.

Grand Total: 444 creatures vanquished

Notes
Turn   | Place    | Note
-------+----------+-------------------------------------------
     0 | D:1      | nibbalover69 the Minotaur Berserker began the quest for the Orb.
     0 | D:1      | Reached XP level 1. HP: 19/19 MP: 0/0
   202 | D:1      | Reached XP level 2. HP: 18/27 MP: 1/1
   936 | D:1      | Reached XP level 3. HP: 31/33 MP: 2/2
  1227 | D:1      | Reached ** piety under Trog
  2424 | D:2      | Reached XP level 4. HP: 37/40 MP: 3/3
  3384 | D:3      | Found a hazy altar of Hepliaklqana.
  3471 | D:3      | Found a faded altar of an unknown god.
  3484 | D:3      | Reached skill level 3 in Armour
  3651 | D:3      | Reached *** piety under Trog
  3651 | D:3      | Reached XP level 5. HP: 47/47 MP: 4/4
  3749 | D:3      | Found a sacrificial altar of Ru.
  4088 | D:4      | Reached skill level 5 in Fighting
  4096 | D:4      | Noticed Ijyb
  4109 | D:4      | Reached skill level 4 in Armour
  4119 | D:4      | Killed Ijyb
  4119 | D:4      | Reached skill level 5 in Short Blades
  4119 | D:4      | Reached XP level 6. HP: 56/56 MP: 5/5
  4217 | D:4      | Found a staircase to the Ecumenical Temple.
  4265 | D:4      | Noticed Eustachio
  4301 | D:4      | Killed Eustachio
  4658 | D:4      | Noticed malin's ghost (amateur MiCK)
  4679 | D:4      | Killed malin's ghost
  4679 | D:4      | Reached skill level 5 in Armour
  4679 | D:4      | Reached XP level 7. HP: 31/62 MP: 4/6
  4894 | D:4      | Found a sacrificial altar of Ru.
  4894 | D:4      | Found a glowing golden altar of the Shining One.
  5085 | D:5      | Entered Level 5 of the Dungeon
  5102 | D:5      | Noticed harcile's ghost (novice BaFi)
  5119 | D:5      | Killed harcile's ghost
  5119 | D:5      | Reached skill level 6 in Armour
  5760 | D:5      | Reached XP level 8. HP: 65/71 MP: 7/7
  6143 | D:5      | Reached skill level 7 in Armour
  6298 | D:6      | Reached **** piety under Trog
  6492 | D:6      | Got a transparent scale mail
  6582 | D:6      | Noticed Pikel
  6584 | D:6      | Noticed a troll
  6601 | D:6      | Killed a troll
  6627 | D:6      | Killed Pikel
  6627 | D:6      | Reached skill level 9 in Armour
  6627 | D:6      | Reached XP level 9. HP: 76/79 MP: 8/8
  6771 | D:6      | Noticed Dowan
  6772 | D:6      | Noticed Duvessa
  6781 | D:6      | Killed Duvessa
  6800 | D:6      | Killed Dowan
  6893 | D:6      | Noticed Edmund
  6918 | D:6      | Killed Edmund
  6920 | D:6      | Found a glowing golden altar of the Shining One.
  7516 | D:7      | Reached skill level 1 in Stealth
  7702 | D:7      | Reached skill level 10 in Armour
  8050 | D:7      | Found Cimmyquy's Antique Weapon Emporium.
  8160 | D:7      | Reached skill level 10 in Short Blades
  8543 | D:8      | Noticed Erica
  8609 | D:8      | Killed Erica
  8609 | D:8      | Reached XP level 10. HP: 34/90 MP: 9/9
  9281 | D:8      | Reached skill level 11 in Armour
 10070 | D:8      | Reached ***** piety under Trog
 10505 | D:9      | Reached skill level 1 in Long Blades
 10505 | D:9      | Reached skill level 1 in Shields
 10658 | D:9      | Found a deep blue altar of Sif Muna.
 11184 | D:9      | Found a glowing silver altar of Zin.
 11184 | D:9      | Noticed an angel
 11616 | D:9      | Found a staircase to the Lair.
 11962 | D:10     | Entered Level 10 of the Dungeon
 11970 | D:10     | Noticed a two-headed ogre
 11974 | D:10     | Killed a two-headed ogre
 11985 | D:10     | Reached XP level 11. HP: 84/97 MP: 10/10
 12062 | D:10     | Identified the Compendium of the Arsonist and Execration
 12598 | D:10     | Noticed a two-headed ogre
 12608 | D:10     | Killed a two-headed ogre
 12608 | D:10     | Reached skill level 5 in Long Blades
 12608 | D:10     | Reached skill level 5 in Shields
 12718 | D:10     | Found a staircase to the Orcish Mines.
 13469 | D:11     | Reached skill level 12 in Armour
 14502 | D:12     | Noticed a sun demon
 15228 | D:12     | Reached XP level 12. HP: 98/106 MP: 11/11
 15977 | D:12     | Reached skill level 5 in Dodging
 16633 | D:12     | Reached skill level 10 in Fighting
 16738 | D:12     | Noticed a two-headed ogre
 16754 | D:12     | Killed a two-headed ogre
 17042 | D:12     | Reached skill level 10 in Shields
 17065 | D:12     | Reached skill level 10 in Long Blades
 17540 | D:13     | Noticed a two-headed ogre
 17551 | D:13     | Noticed Josephine
 17566 | D:13     | Killed a two-headed ogre
 17570 | D:13     | Killed Josephine
 17792 | D:13     | Noticed Erolcha
 17830 | D:13     | Paralysed by Erolcha for 7 turns
 17843 | D:13     | Killed Erolcha
 18275 | D:13     | Noticed a two-headed ogre
 18293 | D:13     | Killed a two-headed ogre
 18293 | D:13     | Received a gift from Trog
 18293 | D:13     | Reached skill level 13 in Armour
 18293 | D:13     | Reached XP level 13. HP: 93/114 MP: 12/12
 18502 | D:13     | Mangled by a white ugly thing

Skill      XL: |  1  2  3  4  5  6  7  8  9 10 11 12 |
---------------+-------------------------------------+-----
Fighting       | 4 5 6 7 8 9 10 | 10.7
Short Blades   | 4 5 6 8 10 11 | 11.2
Dodging        | 3 4 5 |  5.3
Armour         | 3 4 5 6 9 10 11 12 13 | 13.1
Stealth        | 1 |  1.5
Long Blades    | 4 8 11 | 11.4
Shields        | 4 8 11 | 11.4

Action                   |  1- 3 |  4- 6 |  7- 9 | 10-12 | 13-15 || total
-------------------------+-------+-------+-------+-------+-------++-------
Melee: Short sword       |   108 |   167 |   422 |    96 |       ||   793
       Headbutt          |    16 |    40 |    97 |   240 |    13 ||   406
       Long sword        |       |       |       |   965 |    31 ||   996
Invok: Berserk           |     1 |     1 |     3 |     5 |     1 ||    11
       Trog's Hand       |       |     1 |     3 |     9 |     1 ||    14
       Brothers in Arms  |       |       |       |     7 |       ||     7
  Use: Potion            |       |     2 |     3 |     8 |       ||    13
       Scroll            |       |       |     9 |     1 |       ||    10
  Eat: Chunk             |     5 |     2 |     1 |     6 |       ||    14
       Royal jelly       |       |     1 |     1 |     3 |       ||     5
       Bread ration      |       |     1 |     1 |     4 |       ||     6
       Meat ration       |       |       |     2 |     1 |       ||     3
       Fruit             |       |       |       |    12 |       ||    12
Armor: Animal skin       |    15 |       |       |       |       ||    15
       Plate armour      |    25 |   164 |   274 |   637 |    13 ||  1113
       Ring mail         |     2 |       |       |       |       ||     2
       Skin              |       |       |       |    23 |       ||    23
Dodge: Dodged            |    71 |    85 |   203 |   289 |     4 ||   652
Block: Large shield      |       |       |       |  1058 |    26 ||  1084
       Rpst.: Long sword |       |       |       |    84 |     2 ||    86
